[Event "Titled Tuesday Blitz July 11 Early 2023"]
[White "Narayanan, Srinath"]
[Black "Streltsov, Alexey"]
[WhiteFideId "5018420"]
[BlackFideId "24104434"]
[WhiteElo "2925"]
[BlackElo "2578"]
[Result "1-0"]
[Round "2"]
[TimeControl "180+2"]
[Date "2023.07.11"]
[WhiteClock "0:01:07"]
[BlackClock "0:00:06"]
[Board "18"]

1. Nf3 d5 2. c4 d4 3. e3 Nc6 4. exd4 Nxd4 5. Nxd4 Qxd4 6. Nc3 Bf5 7. Qf3 Qe5+ 8. Be2 O-O-O 9. O-O e6 10. d3 Bd6 11. g3 Nf6 12. Bf4 Qc5 13. Bxd6 Qxd6 14. Qe3 Qb6 15. c5 Qxb2 16. Rfc1 Nd5 17. Nxd5 Rxd5 18. c6 b6 19. d4 Qxd4 20. Qa3 Ra5 21. Qe7 Rd8 22. Rd1 Rxa2 23. Rxa2 Qxd1+ 24. Bxd1 Rxd1+ 25. Kg2 Be4+ 26. f3 Bxc6 27. Rxa7 1-0


[Site "https://www.chess.com"]

[Event "Titled Tuesday Blitz July 11 Early 2023"]
[White "Shimanov, Aleksandr"]
[Black "Leebit02"]
[WhiteFideId "4198603"]
[WhiteElo "2916"]
[BlackElo "2577"]
[Result "1-0"]
[Round "2"]
[TimeControl "180+2"]
[Date "2023.07.11"]
[WhiteClock "0:02:11"]
[BlackClock "0:00:10"]
[Board "19"]

1. d4 d5 2. c4 e6 3. Nc3 c6 4. e4 dxe4 5. Nxe4 Bb4+ 6. Nc3 c5 7. a3 Ba5 8. Ne2 cxd4 9. Qxd4 Qxd4 10. Nxd4 Bxc3+ 11. bxc3 a6 12. Be2 Bd7 13. Rb1 Nf6 14. Rxb7 O-O 15. O-O Nc6 16. Rxd7 Nxd7 17. Nxc6 Nc5 18. Be3 Ne4 19. Bf3 f5 20. Bxe4 fxe4 21. h4 Kf7 22. Rd1 Rac8 23. Rd7+ Kf6 24. Bd4+ 1-0


[Site "https://www.chess.com"]

[Event "Titled Tuesday Blitz July 11 Early 2023"]
[White "Parpiev, Isaak"]
[Black "Dau Khuong Duy"]
[WhiteFideId "34281576"]
[BlackFideId "12424722"]
[WhiteElo "2575"]
[BlackElo "2915"]
[Result "1/2-1/2"]
[Round "2"]
[TimeControl "180+2"]
[Date "2023.07.11"]
[WhiteClock "0:00:05"]
[BlackClock "0:00:09"]
[Board "20"]

1. d4 Nf6 2. c4 g6 3. Nc3 Bg7 4. e4 d6 5. Be2 O-O 6. h4 h5 7. Nf3 e5 8. d5 a5 9. Ng5 Na6 10. f3 Nc5 11. Be3 c6 12. Qd2 cxd5 13. cxd5 Bd7 14. O-O Ne8 15. b3 f6 16. Ne6 Nxe6 17. dxe6 Bxe6 18. Nd5 Kh7 19. Rac1 Bxd5 20. Qxd5 Qe7 21. Rfd1 f5 22. exf5 gxf5 23. Bf2 Bf6 24. f4 Kg6 25. fxe5 Bxe5 26. Bf3 Rf7 27. Qd3 Nf6 28. Rc2 Re8 29. Bb6 Ng4 30. Rc7 Qxh4 31. Rxf7 Kxf7 32. Qxf5+ Nf6 33. Bd5+ Kg7 34. Qf3 Qh2+ 35. Kf1 Qh1+ 36. Kf2 Qh4+ 37. g3 Qh2+ 38. Qg2 Bxg3+ 39. Kf1 Qxg2+ 40. Kxg2 h4 41. Bf3 d5 42. Bxd5 Nxd5 43. Rxd5 Re2+ 44. Kh3 Rxa2 45. Rd7+ Kf6 46. Rxb7 Kf5 47. Rf7+ Kg6 48. Ra7 Rh2+ 49. Kg4 Be1 50. Bxa5 Rg2+ 51. Kh3 Rb2 52. Bxe1 Rxb3+ 53. Kxh4 Rb6 54. Bg3 Re6 55. Kh3 Kf5 56. Ra3 Rh6+ 57. Kg2 Rb6 58. Kf3 Rb5 59. Bf4 Rd5 60. Be3 Re5 61. Ra4 Rd5 62. Rf4+ Ke5 63. Rh4 Rd7 64. Rh5+ Kf6 65. Ke4 Re7+ 66. Kf4 Kg6 67. Rb5 Rf7+ 68. Kg4 Rf1 69. Bf4 Rg1+ 70. Bg3 Rf1 71. Rb6+ Rf6 72. Rb7 Ra6 73. Bf4 Rc6 74. Rd7 Re6 75. Rd5 Rc6 76. Rh5 Kg7 77. Kf5 Rf6+ 78. Kg5 Re6 79. Rh2 Rg6+ 80. Kf5 Rf6+ 81. Kg4 Ra6 82. Bg5 Ra4+ 83. Kh5 Ra5 84. Rf2 Rb5 85. Rf4 Rb7 86. Re4 Kf7 87. Re5 Ra7 88. Kg4 Kg6 89. Re6+ Kf7 90. Rf6+ Kg7 91. Kh5 Rb7 92. Rc6 Ra7 93. Bf4 Rd7 94. Kg4 Kf7 95. Kf5 Rd5+ 96. Be5 Rd7 97. Rh6 Re7 98. Rh7+ Ke8 99. Rh6 Kd7 100. Ke4 Re6 101. Rh7+ Kc6 102. Rc7+ Kb6 103. Rc1 1/2-1/2


[Site "https://www.chess.com"]

[Event "Titled Tuesday Blitz July 11 Early 2023"]
[White "Gordievsky, Dmitry"]
[Black "Gontcharov, Vladislav"]
[WhiteFideId "24112798"]
[BlackFideId "4123492"]
[WhiteElo "2911"]
[BlackElo "2575"]
[Result "1-0"]
[Round "2"]
[TimeControl "180+2"]
[Date "2023.07.11"]
[WhiteClock "0:00:07"]
[BlackClock "0:00:00"]
[Board "21"]

1. Nf3 Nf6 2. c4 c5 3. Nc3 Nc6 4. g3 d6 5. Bg2 g6 6. d4 cxd4 7. Nxd4 Bd7 8. O-O Bg7 9. e3 O-O 10. b3 Nxd4 11. exd4 Bc6 12. d5 Bd7 13. Bd2 Bf5 14. Re1 Qd7 15. Qc1 Rfe8 16. Bh6 Rac8 17. Bxg7 Kxg7 18. Qe3 a6 19. a4 Qc7 20. a5 Qc5 21. Na4 Qxe3 22. Rxe3 Nd7 23. Rae1 Kf8 24. h3 g5 25. Bf1 Nc5 26. Nb6 Rcd8 27. b4 Nd7 28. Na4 Rc8 29. Rc1 Red8 30. c5 dxc5 31. bxc5 Nf6 32. Nb6 Rc7 33. Bg2 Nd7 34. Rec3 Nxb6 35. axb6 Rcc8 36. g4 Bd7 37. c6 Be8 38. cxb7 Rb8 39. d6 exd6 40. Rc8 Bd7 41. Rxd8+ Rxd8 42. Rc8 1-0


[Site "https://www.chess.com"]

[Event "Titled Tuesday Blitz July 11 Early 2023"]
[White "Tang, Andrew"]
[Black "ArtemDyachuk"]
[WhiteFideId "2059630"]
[WhiteElo "2908"]
[BlackElo "2574"]
[Result "1-0"]
[Round "2"]
[TimeControl "180+2"]
[Date "2023.07.11"]
[WhiteClock "0:01:20"]
[BlackClock "0:00:28"]
[Board "22"]

1. d4 Nf6 2. c4 e6 3. Nc3 c5 4. d5 exd5 5. cxd5 d6 6. e4 g6 7. Nge2 Bg7 8. Ng3 O-O 9. Be2 Na6 10. O-O Nc7 11. a4 a6 12. h3 Rb8 13. a5 Bd7 14. Bg5 h6 15. Be3 Nb5 16. Nxb5 Bxb5 17. Bxb5 axb5 18. Qd2 Kh7 19. Rfe1 Ra8 20. e5 dxe5 21. Bxc5 Re8 22. d6 Nd7 23. Bb4 f5 24. Qd5 e4 25. Qxb7 Bxb2 26. Rab1 Be5 27. Qxb5 e3 28. Nh1 Rb8 29. Qc4 exf2+ 30. Nxf2 Qg5 31. Qf7+ Kh8 32. Bc3 Qg3 33. Rxb8 Rxb8 34. Bxe5+ Nxe5 35. Qf6+ 1-0


[Site "https://www.chess.com"]

[Event "Titled Tuesday Blitz July 11 Early 2023"]
[White "Prestia, Paris"]
[Black "Gholami Orimi, Mahdi"]
[WhiteFideId "30925959"]
[BlackFideId "12558486"]
[WhiteElo "2573"]
[BlackElo "2905"]
[Result "0-1"]
[Round "2"]
[TimeControl "180+2"]
[Date "2023.07.11"]
[WhiteClock "0:02:11"]
[BlackClock "0:02:04"]
[Board "23"]

1. d4 Nf6 2. Bg5 c5 3. Nc3 cxd4 4. Qxd4 Nc6 5. Qh4 h6 6. O-O-O Ne5 7. e4 Ng6 8. Qh3 hxg5 9. Qe3 Qb6 10. Qxg5 d6 11. Bb5+ Bd7 12. Nd5 Qd8 13. Bc4 e6 14. Nc3 Qb6 15. Nge2 Qxf2 16. Rhf1 Qh4 17. Qe3 Qh6 18. Nf4 Nxf4 19. Rxf4 e5 0-1


[Site "https://www.chess.com"]

[Event "Titled Tuesday Blitz July 11 Early 2023"]
[White "Zhigalko, Sergei"]
[Black "Chernomordik, Pavel"]
[WhiteFideId "13502956"]
[BlackFideId "2804530"]
[WhiteElo "2890"]
[BlackElo "2573"]
[Result "1-0"]
[Round "2"]
[TimeControl "180+2"]
[Date "2023.07.11"]
[WhiteClock "0:00:14"]
[BlackClock "0:00:06"]
[Board "24"]

1. e4 g6 2. d4 Bg7 3. Nc3 d6 4. Nf3 a6 5. Be3 b5 6. a4 b4 7. Ne2 Nf6 8. Ng3 Bb7 9. Bd3 Ng4 10. Bd2 c5 11. c3 bxc3 12. bxc3 Nc6 13. Rb1 Qc7 14. h3 Nf6 15. O-O O-O 16. Qe2 Nd7 17. Be3 Rfb8 18. Rfc1 Qa5 19. Qd1 Qc7 20. Bf1 Na5 21. Nd2 e6 22. Nb3 Nxb3 23. Rxb3 Bc6 24. Rxb8+ Qxb8 25. d5 exd5 26. exd5 Bb7 27. Ne4 Qc7 28. Rb1 Re8 29. Rxb7 Qxb7 30. Nxd6 Qb8 31. Nxe8 Qxe8 32. Bxa6 Bxc3 33. Bb5 Qd8 34. d6 Be5 35. Bxd7 Qxd7 36. Bxc5 Bc3 37. h4 h5 38. g3 Kf8 39. Qd5 Kg7 40. Bd4+ Bxd4 41. Qxd4+ f6 42. a5 Kf7 43. a6 Ke6 44. a7 1-0


[Site "https://www.chess.com"]

[Event "Titled Tuesday Blitz July 11 Early 2023"]
[White "Vlassov, Nikolai"]
[Black "Mitrabha, Guha"]
[WhiteFideId "4103360"]
[BlackFideId "5057000"]
[WhiteElo "2571"]
[BlackElo "2886"]
[Result "1-0"]
[Round "2"]
[TimeControl "180+2"]
[Date "2023.07.11"]
[WhiteClock "0:00:04"]
[BlackClock "0:00:11"]
[Board "25"]

1. e4 c6 2. d4 d5 3. e5 Bf5 4. Nc3 e6 5. g4 Bg6 6. Nge2 c5 7. Be3 Nc6 8. dxc5 Nxe5 9. Nf4 Ne7 10. h4 h6 11. Bb5+ N7c6 12. Qe2 a6 13. Ba4 Bh7 14. O-O-O Qa5 15. Bd4 Nd7 16. Nxe6 fxe6 17. Bxc6 bxc6 18. Qxe6+ Kd8 19. Qxc6 Rc8 20. Qxd5 Qc7 21. Rhe1 Qc6 22. Qf7 Bg6 23. Re8+ Kc7 24. Be5+ Bd6 25. Bxd6+ Kb7 26. Rxc8 Bxf7 27. Rxc6 Kxc6 28. Ne2 Nf6 29. Nd4+ Kd7 30. g5 hxg5 31. hxg5 Ne4 32. Be5 Nxc5 33. Bxg7 Rg8 34. Bf6 Kc7 35. f3 Bh5 36. b3 Re8 37. Rh1 Bg6 38. Rh6 Rg8 39. b4 Nb7 40. f4 Be4 41. f5 Kb6 42. Be5+ Ka7 43. g6 a5 44. Rh7 axb4 45. g7 Kb6 46. Rh8 Bd5 47. f6 Nc5 48. Nf5 Nd7 49. Ne7 Ra8 50. Rxa8 Bxa8 51. g8=Q Bb7 52. Qe6+ Kc5 53. Qxd7 Be4 54. Qd6+ Kc4 55. f7 Bh7 56. f8=Q Bg6 57. Qg8+ Bf7 58. Qxf7+ Kb5 59. Qc6+ Ka5 60. Qfd5# 1-0


[Site "https://www.chess.com"]

[Event "Titled Tuesday Blitz July 11 Early 2023"]
[White "Donchenko, Alexander"]
[Black "Soham Kamotra"]
[WhiteFideId "24603295"]
[BlackFideId "46647490"]
[WhiteElo "2878"]
[BlackElo "2570"]
[Result "0-1"]
[Round "2"]
[TimeControl "180+2"]
[Date "2023.07.11"]
[WhiteClock "0:00:07"]
[BlackClock "0:00:15"]
[Board "26"]

1. Nf3 d5 2. g3 Nd7 3. d4 Nb6 4. Bg2 Bf5 5. O-O e6 6. b3 Nf6 7. c4 Be7 8. a4 a5 9. Ba3 O-O 10. Qc1 Bxb1 11. Rxb1 c6 12. Bb2 Nbd7 13. Rd1 Nb8 14. Nd2 Bb4 15. Qc2 Na6 16. Rbc1 Qe7 17. h4 Rfd8 18. e3 h6 19. Nf3 Bd6 20. Ne5 Bxe5 21. dxe5 Nd7 22. cxd5 cxd5 23. Bd4 Rdc8 24. Qxc8+ Rxc8 25. Rxc8+ Kh7 26. Bf1 Nb4 27. Rdc1 Nc6 28. Bd3+ g6 29. h5 Kg7 30. hxg6 Qa3 31. Ra1 Qxb3 32. Bb5 Nxd4 33. exd4 Nf8 34. gxf7 h5 35. Re1 Qb2 36. Rd1 Qb3 37. Rd3 Qb1+ 38. Kg2 Qe1 39. Rb8 b6 40. Re3 Qa1 41. Rd3 Qe1 42. Rc8 Qe4+ 43. Kg1 Qe1+ 44. Kg2 Qe4+ 45. Kh2 Qe2 46. Rc1 Qxf2+ 47. Kh3 Qf5+ 48. Kg2 Qe4+ 49. Kf2 h4 50. gxh4 Qf4+ 51. Kg2 Qxc1 52. Rg3+ Kxf7 53. h5 Qd2+ 54. Kh3 Qd1 55. Kh4 Qh1+ 56. Kg4 Qd1+ 57. Kh4 Qe1 58. Kg4 Qe4+ 59. Kh3 Ke7 60. Bd3 Qh1+ 61. Kg4 Nh7 62. Bxh7 Qd1+ 63. Kh4 Qxd4+ 64. Rg4 Qxe5 65. Bg6 Kf6 66. h6 Qh2# 0-1


[Site "https://www.chess.com"]

[Event "Titled Tuesday Blitz July 11 Early 2023"]
[White "Dinosaurio_1975"]
[Black "Turski, Bartlomiej"]
[BlackFideId "21810567"]
[WhiteElo "2568"]
[BlackElo "2874"]
[Result "0-1"]
[Round "2"]
[TimeControl "180+2"]
[Date "2023.07.11"]
[WhiteClock "0:00:28"]
[BlackClock "0:01:01"]
[Board "27"]

1. e4 c5 2. Nf3 Nc6 3. Bb5 d5 4. exd5 Qxd5 5. Nc3 Qe6+ 6. Qe2 Qxe2+ 7. Nxe2 Bd7 8. d4 e6 9. Be3 cxd4 10. Nexd4 Nge7 11. O-O-O Nd5 12. Bxc6 bxc6 13. Bg5 f6 14. Bh4 Kf7 15. c4 Nb6 16. b3 e5 17. Nc2 g5 18. Bg3 h5 19. h4 g4 20. Nd2 Bf5 21. Kb2 Rb8 22. Kc3 Be7 23. Ne3 Na4+ 24. bxa4 Bb4+ 25. Kb2 Bxd2+ 26. Ka3 Bb4+ 27. Kb3 Be6 28. a3 Bc5+ 29. Ka2 Bxe3 30. fxe3 Bxc4+ 31. Ka1 Rb3 32. Rd7+ Ke6 33. Rhd1 Rhb8 34. R7d6+ Kf7 35. Rd7+ Kg6 0-1


[Site "https://www.chess.com"]

[Event "Titled Tuesday Blitz July 11 Early 2023"]
[White "Grandelius, Nils"]
[Black "Nozdrachev, Leonid"]
[WhiteFideId "1710400"]
[BlackFideId "24113433"]
[WhiteElo "2872"]
[BlackElo "2566"]
[Result "1-0"]
[Round "2"]
[TimeControl "180+2"]
[Date "2023.07.11"]
[WhiteClock "0:00:05"]
[BlackClock "0:00:00"]
[Board "28"]

1. d4 Nf6 2. c4 e6 3. Bf4 c5 4. d5 exd5 5. cxd5 d6 6. Nc3 g6 7. e4 Bg7 8. Bb5+ Bd7 9. Bd3 O-O 10. Bxd6 Bg4 11. Bxf8 Bxd1 12. Bxg7 Kxg7 13. Rxd1 Nbd7 14. Nf3 Ng4 15. O-O Nde5 16. Nxe5 Nxe5 17. Be2 c4 18. Rd2 g5 19. Rc1 a6 20. Nd1 Qa5 21. Nc3 b5 22. a3 Rd8 23. h3 Qb6 24. Nd1 Qa5 25. Rcc2 Ng6 26. Ne3 Nf4 27. Bf1 h5 28. g3 Ng6 29. d6 h4 30. Nf5+ Kh7 31. Kg2 hxg3 32. fxg3 Qb6 33. Be2 Ne5 34. Rd5 f6 35. Rcd2 Rd7 36. Rd1 Qc6 37. h4 c3 38. bxc3 Qxc3 39. hxg5 Qc2 40. Rh1+ Kg6 41. Ne7+ Kg7 42. gxf6+ Kxf6 43. Rf1+ Kg7 44. Nf5+ Kg8 45. Rxe5 Qxe2+ 46. Rf2 Qe1 47. Re7 Rxe7 48. Nxe7+ Kg7 49. Rf4 Qe2+ 50. Kh3 Qh5+ 51. Rh4 Qe2 52. d7 Qf1+ 53. Kg4 Qd1+ 54. Kf4 Qxd7 55. Nf5+ Kg8 56. Rh6 Qd1 57. Rxa6 Qc1+ 58. Kg4 Kf8 59. Rf6+ Ke8 60. Re6+ Kd7 61. Rd6+ Kc7 62. Rd4 Qb1 63. Kf4 Qb2 64. Rd5 Kc6 65. Nd4+ Kc7 66. Nxb5+ Kc8 67. Nd4 Qc1+ 68. Ke5 Qg5+ 69. Nf5 Qg4 70. a4 Qe2 71. a5 1-0


[Site "https://www.chess.com"]

[Event "Titled Tuesday Blitz July 11 Early 2023"]
[White "Girya, Olga"]
[Black "Henriquez Villagra, Cristobal"]
[WhiteFideId "4195752"]
[BlackFideId "3409350"]
[WhiteElo "2566"]
[BlackElo "2868"]
[Result "1-0"]
[Round "2"]
[TimeControl "180+2"]
[Date "2023.07.11"]
[WhiteClock "0:00:05"]
[BlackClock "0:00:02"]
[Board "29"]

1. d4 d6 2. Nf3 g6 3. e4 Bg7 4. Bd3 e5 5. c3 Nc6 6. O-O Nge7 7. Be3 O-O 8. Nbd2 exd4 9. cxd4 d5 10. e5 Nf5 11. Bg5 f6 12. exf6 Bxf6 13. Bxf5 Bxf5 14. Bxf6 Qxf6 15. Qb3 Rad8 16. Qxb7 Bd3 17. Rfc1 Nxd4 18. Rxc7 Be4 19. Nxe4 Nxf3+ 20. gxf3 dxe4 21. Qxe4 Qxb2 22. Re1 Qxa2 23. Qh4 h5 24. Ree7 Rfe8 25. Rg7+ Kh8 26. Rh7+ Kg8 27. Rcg7+ 1-0


[Site "https://www.chess.com"]

[Event "Titled Tuesday Blitz July 11 Early 2023"]
[White "Galchenko, Matvey"]
[Black "Domingo Nunez, Alejandro"]
[WhiteFideId "24175480"]
[BlackFideId "22245561"]
[WhiteElo "2864"]
[BlackElo "2565"]
[Result "1-0"]
[Round "2"]
[TimeControl "180+2"]
[Date "2023.07.11"]
[WhiteClock "0:02:07"]
[BlackClock "0:01:44"]
[Board "30"]

1. d4 g6 2. c4 Bg7 3. Nf3 d6 4. Nc3 Nf6 5. Bf4 O-O 6. e3 b6 7. Be2 Bb7 8. O-O Nbd7 9. Qc2 Qe8 10. Nb5 Qd8 11. Rad1 Ne4 12. Rfe1 a6 13. Nc3 Nxc3 14. Qxc3 Qe8 15. Qc2 e5 16. Bg3 f5 17. c5 bxc5 18. Qb3+ Qf7 19. Qxb7 Nb6 20. dxc5 1-0


[Site "https://www.chess.com"]

[Event "Titled Tuesday Blitz July 11 Early 2023"]
[White "Aggelis, Nikolaos"]
[Black "Nguyen, Ngoc Truong Son"]
[WhiteFideId "4213220"]
[BlackFideId "12401110"]
[WhiteElo "2565"]
[BlackElo "2864"]
[Result "0-1"]
[Round "2"]
[TimeControl "180+2"]
[Date "2023.07.11"]
[WhiteClock "0:00:03"]
[BlackClock "0:00:05"]
[Board "31"]

1. c4 d6 2. g3 g6 3. Bg2 Bg7 4. Nf3 e5 5. O-O f5 6. d3 Nf6 7. Nc3 O-O 8. Rb1 a5 9. a3 Kh8 10. b4 axb4 11. axb4 Nc6 12. b5 Ne7 13. Bb2 h6 14. Ra1 Be6 15. Rxa8 Qxa8 16. Qa1 Nd7 17. Qxa8 Rxa8 18. Ra1 Rxa1+ 19. Bxa1 e4 20. Nd2 exd3 21. exd3 Nc5 22. Bf1 Kg8 23. Bb2 Kf7 24. Nd1 Bxb2 25. Nxb2 d5 26. d4 dxc4 27. Nbxc4 Nd7 28. Bg2 b6 29. f4 Nf6 30. Ne5+ Kg7 31. Nc6 Nxc6 32. Bxc6 Bd5 33. Kf2 Bxc6 34. bxc6 Kf7 35. Nc4 Ke6 36. Ne5 g5 37. Ke3 g4 38. Kd3 Kd5 39. Nf7 h5 40. Ne5 Ne4 41. Ke3 b5 42. Kd3 Nd6 43. Kc3 Ne4+ 44. Kb4 Nd6 45. Nd7 Kxc6 46. Nf6 Kb6 47. Nxh5 Nc4 48. Ng7 Ne3 49. Kc3 Nd5+ 50. Kb3 Ne7 51. Kb4 c6 52. Kc3 Kc7 53. Kb4 Kd6 54. Kc3 Kd5 55. Ne8 Ke4 56. Nd6+ Ke3 57. Nf7 Nd5+ 58. Kb3 Kxd4 59. Ne5 c5 60. Kc2 c4 61. Nc6+ Kc5 62. Ne7 Nxe7 0-1


[Site "https://www.chess.com"]

[Event "Titled Tuesday Blitz July 11 Early 2023"]
[White "Timofeev, Artyom"]
[Black "Arencibia Monduy, Antonio"]
[WhiteFideId "4140419"]
[BlackFideId "3507939"]
[WhiteElo "2848"]
[BlackElo "2565"]
[Result "1/2-1/2"]
[Round "2"]
[TimeControl "180+2"]
[Date "2023.07.11"]
[WhiteClock "0:00:04"]
[BlackClock "0:00:04"]
[Board "32"]

1. d4 e6 2. e4 d5 3. Nd2 dxe4 4. Nxe4 Nd7 5. Nf3 Ngf6 6. Nxf6+ Nxf6 7. Bg5 Be7 8. Bd3 O-O 9. Qe2 c5 10. O-O-O Qc7 11. Kb1 Bd7 12. Ne5 Bc6 13. dxc5 Rad8 14. Rhe1 Nd5 15. Bxe7 Qxe7 16. Nxc6 bxc6 17. Qe4 g6 18. Qd4 Rfe8 19. a3 e5 20. Qc4 f5 21. f3 Kh8 22. g4 f4 23. Rd2 Ne3 24. Qc3 Rd5 25. b4 Red8 26. Rde2 a5 27. Rxe3 fxe3 28. Rxe3 axb4 29. axb4 Qf6 30. Kb2 Rd4 31. Be4 Rb8 32. Qe1 Rdxb4+ 33. Rb3 Rxb3+ 34. cxb3 Qe6 35. Qc3 Qf6 36. h4 h6 37. b4 Rd8 38. g5 hxg5 39. hxg5 Qxg5 40. Bxc6 Qg2+ 41. Kb3 Qg5 42. Be4 Qf6 43. Qc4 Rd4 44. Qb5 Qe6+ 45. Ka3 Rd2 46. Qb8+ Kg7 47. Bb1 Qa6+ 48. Kb3 Qe6+ 49. Kc3 Rd7 50. Be4 Qf6 51. Qb5 Re7 52. Qc4 Qf8 53. c6 Qd8 54. b5 Ra7 55. Qb4 Qb6 56. Kb3 Qe3+ 57. Kc4 Qd4+ 58. Kb3 Qe3+ 59. Kc4 Qd4+ 60. Kb3 Qe3+ 1/2-1/2


[Site "https://www.chess.com"]

[Event "Titled Tuesday Blitz July 11 Early 2023"]
[White "Bruedigam, Martin"]
[Black "Maksimovic, Bojan"]
[WhiteFideId "24608033"]
[BlackFideId "14408120"]
[WhiteElo "2562"]
[BlackElo "2846"]
[Result "0-1"]
[Round "2"]
[TimeControl "180+2"]
[Date "2023.07.11"]
[WhiteClock "0:00:00"]
[BlackClock "0:00:35"]
[Board "33"]

1. c4 Nf6 2. g3 g6 3. Bg2 Bg7 4. e4 d6 5. Ne2 O-O 6. O-O e5 7. d3 Nbd7 8. f4 c6 9. Nbc3 a6 10. h3 b5 11. b3 Nc5 12. Rb1 b4 13. Na4 Nxa4 14. bxa4 c5 15. f5 h5 16. Bg5 Bd7 17. g4 Qe8 18. Ng3 hxg4 19. hxg4 Nh7 20. Be3 Bf6 21. Qd2 Qe7 22. a5 Bg5 23. f6 Bxf6 24. Nf5 gxf5 25. exf5 Bg5 26. Bxa8 Rxa8 27. Kf2 Bxe3+ 28. Qxe3 Qg5 29. Rh1 Qxe3+ 30. Kxe3 Kg7 31. Rh4 Ng5 32. Rbh1 f6 33. Rh6 Rg8 34. Rg6+ Kf7 35. Rxg8 Kxg8 36. a3 b3 37. Rh2 Ba4 38. Rb2 Kf7 39. Rh2 Kg7 40. Rh1 d5 41. cxd5 Nf7 42. Kd2 Nd6 43. Kc3 e4 44. dxe4 Nxe4+ 45. Kb2 c4 46. Rc1 c3+ 47. Rxc3 Nxc3 48. Kxc3 Kh6 49. d6 Kg5 0-1


[Site "https://www.chess.com"]

[Event "Titled Tuesday Blitz July 11 Early 2023"]
[White "Thecourseoisildur"]
[Black "Llorente Zaro, Alfonso"]
[BlackFideId "2254131"]
[WhiteElo "2559"]
[BlackElo "2845"]
[Result "1-0"]
[Round "2"]
[TimeControl "180+2"]
[Date "2023.07.11"]
[WhiteClock "0:00:04"]
[BlackClock "0:00:00"]
[Board "34"]

1. e4 c5 2. Nf3 Nc6 3. Bb5 Na5 4. O-O a6 5. Be2 e6 6. c3 Nf6 7. e5 Nd5 8. d4 cxd4 9. cxd4 b5 10. Nc3 Bb7 11. Bg5 Qb6 12. a3 Rc8 13. Rc1 Nxc3 14. Rxc3 Rxc3 15. bxc3 Bxa3 16. Qa1 Be7 17. Bxe7 Kxe7 18. Qa3+ Ke8 19. Rb1 Bxf3 20. Bxf3 Nc4 21. Qb4 Nd2 22. Ra1 Nxf3+ 23. gxf3 Kd8 24. c4 Kc7 25. cxb5 axb5 26. Rc1+ Kb7 27. Rc5 Ka6 28. Qa3+ Kb7 29. Qb4 Ka6 30. Qa3+ Qa5 31. Qb2 Rb8 32. Rc1 Kb7 33. Rc5 Ka6 34. Rc1 Qb6 35. Qa3+ Kb7 36. Qe7 Qxd4 37. Rb1 Kb6 38. Qxf7 Rc8 39. Qe7 h5 40. Qa3 h4 41. Ra1 Kc7 42. Qa5+ Kb7 43. Qa6+ Kb8 44. Qa8+ Kc7 45. Rc1+ Qc4 46. Rxc4+ bxc4 47. Qa5+ Kb7 48. Qb4+ Ka8 49. Qa4+ Kb8 50. Qb5+ Ka8 51. Qa5+ Kb8 52. Qc3 g5 53. Kf1 Rc5 54. Ke2 Kc7 55. Ke3 Kc6 56. Ke4 Kb5 57. Qb2+ Kc6 58. Kd4 c3 59. Qc2 Kb5 60. Qb3+ Kc6 61. Qa4+ Kb6 62. Qb4+ Rb5 63. Qd6+ Kb7 64. Kxc3 Rd5 65. Qb4+ Kc6 66. Qe4 Kc5 67. Qc4+ Kb6 68. Qb4+ Kc6 69. f4 g4 70. Qa4+ Kb6 71. Qb4+ Kc6 72. Qe4 Kc5 73. Qg2 g3 74. fxg3 hxg3 75. Qxg3 Kc6 76. h4 d6 77. exd6 Kxd6 78. f5+ Ke7 79. fxe6 Kxe6 80. Qg6+ Ke7 81. h5 Rd6 82. Qg7+ Ke6 83. Qg6+ Ke7 84. Qxd6+ Kxd6 85. h6 1-0


[Site "https://www.chess.com"]

[Event "Titled Tuesday Blitz July 11 Early 2023"]
[White "Molina, Roberto Junio Brito"]
[Black "Vovk, Orest"]
[WhiteFideId "2109450"]
[BlackFideId "14113490"]
[WhiteElo "2843"]
[BlackElo "2558"]
[Result "1/2-1/2"]
[Round "2"]
[TimeControl "180+2"]
[Date "2023.07.11"]
[WhiteClock "0:00:19"]
[BlackClock "0:00:38"]
[Board "35"]

1. d4 h6 2. e4 g5 3. h4 g4 4. Nc3 Bg7 5. Be3 d6 6. Qd2 c6 7. O-O-O Qa5 8. Kb1 b5 9. f3 Be6 10. a3 b4 11. Na2 Bxa2+ 12. Kxa2 Na6 13. Bxa6 b3+ 14. cxb3 Qxa6 15. Ne2 Nf6 16. Qd3 Qb5 17. Qxb5 cxb5 18. Rc1 Kd7 19. Rc2 Rhc8 20. Rxc8 Rxc8 21. Rc1 Rxc1 22. Bxc1 gxf3 23. gxf3 Nh5 24. Be3 Bf6 25. Bxh6 Bxh4 26. Be3 Ng3 27. Nxg3 Bxg3 28. Kb1 e6 29. d5 a6 30. Bd4 f5 31. exf5 exd5 32. Kc2 Be5 33. Kd3 Ke7 34. Ke3 Bh2 35. f4 Bg1+ 36. Kd3 Bh2 37. f6+ Kf7 38. Ke3 Bg1+ 39. Kd3 Bh2 40. Ke3 Bg1+ 41. Kd3 Bh2 1/2-1/2


[Site "https://www.chess.com"]

[Event "Titled Tuesday Blitz July 11 Early 2023"]
[White "Sattarov, Bobir"]
[Black "Siniauski, Artsiom"]
[WhiteFideId "14203081"]
[BlackFideId "13512269"]
[WhiteElo "2835"]
[BlackElo "2558"]
[Result "1-0"]
[Round "2"]
[TimeControl "180+2"]
[Date "2023.07.11"]
[WhiteClock "0:00:24"]
[BlackClock "0:00:19"]
[Board "36"]

1. e4 e6 2. d4 d5 3. e5 c5 4. c3 Qb6 5. Nf3 Bd7 6. Bd3 Bb5 7. O-O Bxd3 8. Qxd3 Qa6 9. Qd1 Nd7 10. h4 Ne7 11. h5 Nc6 12. Re1 Rc8 13. h6 gxh6 14. Nbd2 cxd4 15. Nf1 dxc3 16. bxc3 Rg8 17. Ng3 Bc5 18. Nh5 Qc4 19. Bf4 Be7 20. Qb1 Rg6 21. Bg3 b6 22. Nf4 Rg4 23. Nh5 Nf8 24. Nf6+ Bxf6 25. exf6 Rg6 26. Re3 Rxf6 27. Bd6 Rg6 28. Qb2 Qg4 29. g3 h5 30. c4 d4 31. Rd3 h4 32. Nxd4 hxg3 33. Bxg3 Ne5 34. Qb5+ Nfd7 35. Rdd1 h5 36. Kf1 Qh3+ 37. Ke1 Nxc4 38. Nf5 Qh1+ 39. Ke2 Qe4+ 40. Ne3 Ne5 41. Bxe5 Qg4+ 42. Ke1 Qg1+ 43. Ke2 Qg2 44. Nxg2 Rc7 45. Bxc7 Kf8 46. Qxd7 Kg7 47. Be5+ Kh7 48. Qd6 Kh6 49. Qd3 Rg4 50. Ne3 Kg5 51. Nxg4 hxg4 52. f3 g3 53. Qe3+ Kf5 54. Rd4 f6 55. Rf4+ Kg6 56. Qg1 Kf7 57. Qxg3 Ke7 58. Rxf6 Kd7 59. Qg7+ Kc6 60. Rxe6+ Kd5 61. Qf6 Kc4 62. Rd6 Kb5 63. Qe6 Ka4 64. Qd5 b5 65. Rc6 a5 66. Bc3 b4 67. Qb3+ Kb5 68. Rc5+ Kxc5 69. Bxb4+ axb4 70. Rb1 Kb5 71. Qxb4+ Ka6 72. Rb3 Ka7 73. Rc3 Ka8 74. Rb3 Ka7 75. f4 Ka8 76. f5 Ka7 77. f6 Ka8 78. f7 Ka7 79. f8=Q Ka6 80. Ra3# 1-0


[Site "https://www.chess.com"]

[Event "Titled Tuesday Blitz July 11 Early 2023"]
[White "NovoselovRoman"]
[Black "Pakleza, Zbigniew"]
[BlackFideId "1119290"]
[WhiteElo "2556"]
[BlackElo "2830"]
[Result "1/2-1/2"]
[Round "2"]
[TimeControl "180+2"]
[Date "2023.07.11"]
[WhiteClock "0:00:22"]
[BlackClock "0:00:03"]
[Board "37"]

1. e4 d6 2. d4 Nf6 3. Nc3 c6 4. Nf3 Bg4 5. Be2 e6 6. Bg5 Be7 7. Qd3 d5 8. exd5 cxd5 9. Ne5 Bxe2 10. Nxe2 O-O 11. O-O-O Nc6 12. Bxf6 Bxf6 13. f4 Rc8 14. Qb3 Na5 15. Qf3 Bxe5 16. dxe5 Qb6 17. Nd4 Rc4 18. Nb3 Rfc8 19. Rd2 Ra4 20. Kb1 Nc4 21. Re2 Qa6 22. Nc1 Rb4 23. c3 Rb6 24. f5 Qb5 25. fxe6 Rxe6 26. Rf1 Rc7 27. Qd3 h6 28. Qf5 Rce7 29. Rfe1 g6 30. Qf4 Kg7 31. Nb3 Rb6 32. Nd4 Qa5 33. Qc1 Ra6 34. b3 Na3+ 35. Ka1 Nb5 36. Nxb5 Qxb5 37. Qb2 Rae6 38. Qd2 Qc5 39. Qd4 Rc7 40. Kb2 a6 41. Qd3 Qc6 42. Rd1 Rd7 43. Rc2 Rxe5 44. Qd4 Qf6 45. Rf2 Rf5 46. Rxf5 Qxd4 47. Rxd4 gxf5 48. Kc2 Kf6 49. Kd3 Ke5 50. Rh4 Rd6 51. g3 b5 52. Rh5 Rg6 53. Rh4 Rc6 54. Rf4 Rg6 55. Rh4 Rf6 56. Rf4 Re6 57. Rh4 Rd6 58. Rf4 Rg6 59. Rh4 1/2-1/2


[Site "https://www.chess.com"]